 Dungeon Crawl Stone Soup version 0.19-a0-585-ge40200b (webtiles) character file.

9894 Duffy the Blocker (level 11, 99/99 HPs)
             Began as a Minotaur Fighter on June 9, 2016.
             Was a High Priest of Cheibriados.
             Quit the game on level 10 of the Dungeon.
             The game lasted 00:13:04 (9110 turns).

Duffy the Blocker (Minotaur Fighter)                Turns: 9110, Time: 00:13:05

Health: 99/99      AC: 22    Str: 37    XL:     11   Next: 29%
Magic:  11/11      EV:  8    Int: 19    God:    Cheibriados [*****.]
Gold:   1389       SH: 16    Dex: 25    Spells: 0 memorised, 10 levels left

rFire  . . .     SeeInvis .     x - +0 broad axe
rCold  + . .     Gourm    .     D - +3 plate armour
rNeg   . . .     Faith    .     c - +0 shield
rPois  .         Spirit   .     H - +2 hat
rElec  .         Dismiss  .     P - +0 cloak
rCorr  .         Reflect  .     n - +0 pair of gloves
SustAt .         Harm     +     t - +0 pair of boots
MR     .....                    R - amulet of harm
Stlth  ..........               (no ring)
                                w - ring of protection from cold

@: very slow, not resistant to hostile enchantments, extremely unstealthy
A: retaliatory headbutt, horns 2
a: Bend Time, Temporal Distortion, Slouch, Step From Time, Renounce Religion


You were on level 10 of the Dungeon.
You worshipped Cheibriados.
Cheibriados was extremely pleased with you.
You were hungry.

You visited 2 branches of the dungeon, and saw 13 of its levels.
You also visited: Sewer and Bailey.

You collected 1701 gold pieces.
You spent 312 gold pieces at shops.


Innate Abilities, Weirdness & Mutations

You reflexively headbutt those who attack you in melee.
You have a pair of horns on your head.


   Skills:
 - Level 9.9 Fighting
 + Level 12.2 Axes
 + Level 7.5 Armour
 - Level 13.0 Shields
 + Level 2.4 Invocations


You had 10 spell levels left.
You didn't know any spells.

Inventory:

Hand Weapons
 a - a +0 war axe
 x - a +0 broad axe (weapon)
 N - a +0 dire flail
 Q - the +1 executioner's axe of the Pill Bug {freeze, Dex+7}

   It has been specially enchanted to freeze those struck by it, causing extra
   injury to most foes and up to half again as much damage against particularly
   susceptible opponents.
   It can also slow down cold-blooded creatures.
   It affects your dexterity (+7).
Armour
 c - a +0 shield (worn)
 n - a +0 pair of gloves (worn)
 t - a +0 pair of boots (worn)
 D - a +3 plate armour (worn)
 H - a +2 hat (worn)
 P - a +0 cloak (worn)
Jewellery
 w - a ring of protection from cold (left hand)
 C - an uncursed ring of fire
 R - an amulet of harm (around neck)
Wands
 v - a wand of paralysis (12/24)
 F - a wand of slowing (16/48)
 I - a wand of flame (10/48)
 J - a wand of disintegration (10/24)
 K - a wand of digging (10/24)
 O - a wand of lightning (7/15)
Scrolls
 d - a scroll of vulnerability {unknown}
 e - 7 scrolls of teleportation {unknown}
 h - 5 scrolls of recharging {unknown}
 i - 2 scrolls of fear
 o - 3 scrolls of blinking {unknown}
 q - 3 scrolls of magic mapping {unknown}
 y - 2 scrolls of enchant weapon {unknown}
 A - 3 scrolls of fog {unknown}
Potions
 b - a potion of resistance
 k - 6 potions of curing
 l - a potion of beneficial mutation
 m - a potion of agility
 p - 2 potions of mutation {unknown}
 u - a potion of ambrosia
 z - 2 potions of heal wounds
 B - a potion of flight
 L - a potion of cancellation
Books
 r - a book of Necromancy
Comestibles
 f - 6 bread rations
 g - a beef jerky
 s - 2 meat rations
 E - 11 slices of pizza
 G - 12 fruits
 M - a royal jelly

Dungeon Overview and Level Annotations

Branches:
Dungeon (12/15)            Temple (1/1) D:6
   Lair: D:8-11         Orc: D:9-12

Altars:
Ashenzari
Cheibriados
Dithmenos
Elyvilon
Fedhas
Gozag
Hepliaklqana
Kikubaaqudgha
Makhleb
Nemelex Xobeh
Okawaru
Pakellas
Qazlal
Ru
Sif Muna
Trog
Uskayaw
Vehumet
Xom
Yredelemnul
Zin
The Shining One

Shops:
D:5 !


Message History

You flicker for a moment.
You feel a little less mighty now.
You now have 1118 gold pieces (gained 22).
You now have 1131 gold pieces (gained 13).
You flicker back into view.
You start to feel less resistant.
p - 2 fuming inky potions (gained 1)
Your resistance to elements expires.
You see here a scale mail.
j - a scroll of identify You see here a runed double sword.
You see here a translucent executioner's axe.
Q - a translucent executioner's axe
R - a dented ruby amulet You now have 1150 gold pieces (gained 19).
Put on which piece of jewellery? (? for menu, Esc to quit)
R - an amulet of harm (around neck)
You now have 1164 gold pieces (gained 14).
You feel a little less agile now.
You now have 1177 gold pieces (gained 13).
Your magical contamination has completely faded away.
All of the chunks of flesh in your inventory have rotted away.
You now have 1193 gold pieces (gained 16).
You now have 1201 gold pieces (gained 8).
h - 5 scrolls labeled INUODA CACHU (gained 1)
You now have 1211 gold pieces (gained 10).
You now have 1235 gold pieces (gained 24).
You now have 1255 gold pieces (gained 20).
You now have 1257 gold pieces (gained 2).
You now have 1261 gold pieces (gained 4).
You now have 1278 gold pieces (gained 17).
You now have 1287 gold pieces (gained 9).
You now have 1298 gold pieces (gained 11).
You now have 1307 gold pieces (gained 9).
k - 6 potions of curing (gained 1)
You now have 1324 gold pieces (gained 17).
You now have 1340 gold pieces (gained 16).
Things that are here:
2 large rocks; a giant gecko corpse; a mottled dragon corpse You now have 1362 gold pieces (gained 22).
You see here a long sword.
You now have 1372 gold pieces (gained 10).
You now have 1389 gold pieces (gained 17).
M - a royal jelly You see here a long sword.
Things that are here:
2 large rocks; a giant gecko corpse; a mottled dragon corpse You are feeling hungry.
As you read the scroll of identify, it crumbles to dust.
Q - the +1 executioner's axe of the Pill Bug {freeze, Dex+7} Are you sure you want to abandon this character and quit the game? (Confirm with "yes".)

#..............#.
######..............#.
#.............###...#.
#..##########.# #...#'
#..#>......<#.# #.....
#..#........#.# #.....
#..#)...(...#.# #..###
#..#(...)...#.# #..#..
#.((.@/)|[..#.# #..#..
#..#.....[..#.. ...#..
#..#........# .####..
#..#<......># .. .....
#..##########...#.....
#......... ....#.....
#...#..... ..###.....
#...#..... ..# .....
#...# +### ..# .....


There were no monsters in sight!

Action                   |  1- 3 |  4- 6 |  7- 9 | 10-12 || total
-------------------------+-------+-------+-------+-------++-------
Melee: War axe           |    70 |   119 |   251 |       ||   440
       Headbutt          |     6 |    12 |    83 |    46 ||   147
       Broad axe         |       |       |    81 |   118 ||   199
       Unarmed           |       |       |       |    17 ||    17
Evoke: Wand              |       |       |     1 |     2 ||     3
  Use: Scroll            |       |       |    11 |     1 ||    12
       Potion            |       |       |       |     4 ||     4
 Stab: Confused          |       |       |       |     2 ||     2
       Invisible         |       |       |       |     7 ||     7
  Eat: Chunk             |       |     3 |    11 |     3 ||    17
Armor: Scale mail        |    41 |    37 |     4 |       ||    82
       Chain mail        |       |       |   110 |       ||   110
       Plate armour      |       |       |    22 |    44 ||    66
       Skin              |       |       |       |     4 ||     4
Dodge: Dodged            |    19 |    28 |    71 |    24 ||   142
Block: Shield            |    50 |    77 |   238 |    86 ||   451

Notes
Turn   | Place    | Note
--------------------------------------------------------------
     0 | D:1      | Duffy the Minotaur Fighter began the quest for the Orb.
     0 | D:1      | Reached XP level 1. HP: 19/19 MP: 0/0
   146 | D:1      | Reached skill level 4 in Shields
   149 | D:1      | Reached XP level 2. HP: 26/26 MP: 1/1
   174 | D:3      | Reached skill level 3 in Axes
   193 | D:3      | Reached XP level 3. HP: 23/31 MP: 2/2
   357 | D:3      | Found a glowing drain.
   369 | D:3      | Reached skill level 4 in Axes
   381 | Sewer    | Entered a sewer
   506 | Sewer    | Reached XP level 4. HP: 35/39 MP: 3/3
   574 | Sewer    | Reached skill level 5 in Shields
  1100 | D:4      | Noticed an ogre
  1112 | D:4      | Killed an ogre
  1112 | D:4      | Reached skill level 5 in Axes
  1112 | D:4      | Reached XP level 5. HP: 43/45 MP: 4/4
  1144 | D:5      | Entered Level 5 of the Dungeon
  1163 | D:5      | Noticed an ice beast
  1180 | D:5      | Killed an ice beast
  1180 | D:5      | Reached skill level 6 in Shields
  1180 | D:5      | Reached XP level 6. HP: 45/51 MP: 5/5
  1222 | D:4      | Reached skill level 6 in Axes
  1601 | D:6      | Noticed a sky beast
  1611 | D:6      | Killed a sky beast
  1611 | D:6      | Reached skill level 7 in Shields
  1770 | D:5      | Reached XP level 7. HP: 57/57 MP: 6/6
  1777 | D:5      | Noticed Edmund
  1790 | D:5      | Killed Edmund
  1790 | D:5      | Reached skill level 7 in Axes
  2030 | D:5      | Found Oshreakh's Distillery.
  2033 | D:5      | Bought a potion of curing for 39 gold pieces
  2298 | D:6      | Reached skill level 8 in Shields
  2452 | D:6      | Found a staircase to the Ecumenical Temple.
  2464 | Temple   | Entered the Ecumenical Temple
  2471 | Temple   | Became a worshipper of Cheibriados the Contemplative
  2889 | D:1      | Reached * piety under Cheibriados
  2889 | D:1      | Reached skill level 8 in Axes
  3442 | D:2      | Noticed Natasha
  3447 | D:2      | Killed Natasha
  3467 | D:2      | Noticed Natasha
  3470 | D:2      | Killed Natasha
  3530 | D:2      | Noticed Robin
  3533 | D:2      | Reached ** piety under Cheibriados
  3538 | D:2      | Killed Robin
  3538 | D:2      | Reached skill level 4 in Fighting
  3656 | D:2      | Noticed Natasha
  3661 | D:2      | Killed Natasha
  3661 | D:2      | Reached XP level 8. HP: 65/66 MP: 7/7
  4472 | D:4      | Reached *** piety under Cheibriados
  5230 | D:6      | Reached skill level 5 in Fighting
  5411 | D:6      | Reached skill level 9 in Shields
  5579 | D:7      | Reached skill level 9 in Axes
  5777 | D:7      | Found a shimmering altar of Xom.
  5937 | D:5      | Bought a potion of agility for 52 gold pieces
  5937 | D:5      | Bought a potion of degeneration for 13 gold pieces
  5942 | D:5      | Bought a potion of invisibility for 104 gold pieces
  5942 | D:5      | Bought a potion of cancellation for 104 gold pieces
  6063 | D:8      | Found a flagged portal.
  6076 | Bailey   | Entered a bailey
  6119 | Bailey   | Got an agate-encrusted plate armour
  6131 | Bailey   | Identified the cursed +0 plate armour of the Leaf {+Fly rCorr Int+4 Slay-2} (You found it in a bailey)
  6157 | Bailey   | Reached **** piety under Cheibriados
  6157 | Bailey   | Reached skill level 6 in Fighting
  6164 | Bailey   | Found an iron altar of Okawaru.
  6613 | D:8      | Reached XP level 9. HP: 78/78 MP: 8/8
  6631 | D:8      | Noticed Grum
  6639 | D:8      | Reached skill level 10 in Shields
  6644 | D:8      | Killed Grum
  6709 | D:8      | Noticed Psyche
  6716 | D:8      | Killed Psyche
  6716 | D:8      | Reached skill level 7 in Fighting
  6716 | D:8      | Reached skill level 10 in Axes
  7056 | D:8      | Reached skill level 8 in Fighting
  7195 | D:8      | Found a stormy altar of Qazlal.
  7215 | D:8      | Noticed Gastronok
  7228 | D:8      | Killed Gastronok
  7228 | D:8      | Reached skill level 12 in Shields
  7228 | D:8      | Reached XP level 10. HP: 31/88 MP: 9/9
  7261 | D:8      | Reached skill level 13 in Shields
  7476 | D:8      | Reached ***** piety under Cheibriados
  7751 | D:8      | Reached skill level 4 in Armour
  7795 | D:8      | Found a sacrificial altar of Ru.
  7800 | D:8      | Found a hide-covered altar of Uskayaw.
  7962 | D:9      | Reached skill level 11 in Axes
  7964 | D:9      | Reached skill level 5 in Armour
  8153 | D:9      | Reached skill level 9 in Fighting
  8195 | D:9      | Found a radiant altar of Vehumet.
  8267 | D:9      | You fall through a shaft for 3 floors!
  8524 | D:11     | Noticed a red ugly thing
  8532 | D:11     | Killed a red ugly thing
  8532 | D:11     | Reached skill level 6 in Armour
  8783 | D:10     | Entered Level 10 of the Dungeon
  8783 | D:10     | Noticed Maurice
  8790 | D:10     | Noticed a gargoyle
  8802 | D:10     | Killed a gargoyle
  8810 | D:10     | Reached XP level 11. HP: 84/99 MP: 10/10
  8815 | D:10     | Killed Maurice
  8909 | D:10     | Noticed a red ugly thing
  8911 | D:10     | Noticed a brown ugly thing
  8961 | D:10     | Reached skill level 1 in Invocations
  8963 | D:10     | Killed a red ugly thing
  8963 | D:10     | Reached skill level 12 in Axes
  8963 | D:10     | Reached skill level 7 in Armour
  8966 | D:10     | Killed a red ugly thing
  8966 | D:10     | Reached skill level 2 in Invocations
  8996 | D:10     | Got a translucent executioner's axe
  9108 | D:10     | Identified the +1 executioner's axe of the Pill Bug {freeze, Dex+7} (You found it on level 10 of the Dungeon)
  9110 | D:10     | Quit the game

Skill      XL: |  1  2  3  4  5  6  7  8  9 10 11 |
---------------+----------------------------------+-----
Shields        | 4 5 6 7 8 9 12 13 | 13.0
Axes           | 3 4 5 6 8 9 10 11 12 | 12.2
Fighting       | 4 6 8 9 |  9.9
Armour         | 6 7 |  7.5
Invocations    | 2 |  2.4

Vault maps used:
D:1:      lemuel_arrival_tunnels
D:2:      uniq_natasha, uniq_robin
D:3:      portal_sewer_entry_d, roderic_serpentine_path
D:4:      first_bread, lightli_corner_chamber
D:5:      serial_shops, shop, uniq_edmund
D:6:      minmay_temple_entry_mist, minmay_misc_feat_square
D:7:      old_standard_altar
D:8:      minitemple, enter_bailey_2, grunt_pizzeria, uniq_psyche, uniq_grum,
          uniq_gastronok
D:9:      lair_0_dummy, basic_altar, vehumet_altar_wand_db
D:10:     minivault_12, uniq_maurice, uniq_erolcha, uniq_joseph
D:11:     basic_altar
D:12:     erik_orc_2, serial_shops, shop_fountains
Temple:   nicolae_temple_no_exploring_needed
Sewer:    sewer_co_cracked_pipes
Bailey:   bailey_axe_3, bailey

Vanquished Creatures
  Gastronok
  3 ugly things
  A cyclops
  A manticore Maurice Psyche
  A gargoyle
  A slime creature
  A centaur simulacrum
  A spriggan
  2 shadows
  6 yaks
  A vampire Grum
  A mottled dragon Edmund
  3 sky beasts
  2 phantoms
  An ice beast
  5 orc warriors
  A black bear
  2 wasps
  3 ogres
  A necrophage
  2 wolves
  2 eyes of draining
  3 centaurs
  A crocodile
  A big kobold
  3 giant frogs
  A gnoll sergeant
  A wyvern skeleton
  A water moccasin skeleton
  A scorpion
  A jelly
  4 crimson imps
  A giant frog zombie
  5 hounds
  5 orc priests
  2 giant frog skeletons
  An iguana
  An orc wizard Natasha (thrice)
  7 worker ants
  A killer bee zombie
  A hound zombie
  2 worker ant zombies Robin
  5 gnolls
  3 river rats
  12 adders
  2 worms
  A dart slug
  8 giant geckos
  20 orcs
  5 giant cockroaches
  17 goblins
  11 hobgoblins
  8 jackals
  15 kobolds
  6 quokkas
  5 ball pythons
  8 bats
  A giant gecko skeleton
  5 giant newts
  A quokka skeleton
  A quokka zombie
  18 rats
245 creatures vanquished.
